 Dungeon Crawl Stone Soup version 0.24-a0-203-gf0bc1e9 (webtiles) character file.

Game seed: 16722002725683705474

3261 Borgoz the Slicer (level 10, 0/69 HPs)
             Began as a Halfling Fighter on Mar 27, 2019.
             Was a Follower of Ashenzari.
             Succumbed to a gnoll sergeant's poison
             ... on level 7 of the Dungeon.
             The game lasted 00:18:48 (10360 turns).

Borgoz the Slicer (Halfling Fighter)               Turns: 10360, Time: 00:18:48

Health: 0/69       AC:  9    Str: 15 (17) XL:     10   Next: 19%
Magic:  10/10      EV: 16    Int:  6 (7)  God:    Ashenzari [*.....]
Gold:   453        SH:  0    Dex: 16 (17) Spells: 9/9 levels left

rFire    . . .     SeeInvis .   a - +1 rapier
rCold    . . .     Gourm    .   (shield restricted)
rNeg     . . .     Faith    .   b - +0 scale mail
rPois    .         Spirit   .   (helmet restricted)
rElec    .         Reflect  .   q - +0 cloak
rCorr    .         Harm     .   (no gloves)
MR       .....                  (no boots)
Stlth    ..........             (no amulet)
HPRegen  0.21/turn              (no ring)
MPRegen  0.12/turn              (no ring)

@: lethally poisoned (0 -> -13)
A: small, horns 1, mutation resistance 1
a: Curse Item, Scrying, Renounce Religion


You were on level 7 of the Dungeon.
You worshipped Ashenzari.
Ashenzari was aware of your devotion.
You were not hungry.

You visited 2 branches of the dungeon, and saw 9 of its levels.
You also visited: Sewer.

You collected 505 gold pieces.
You spent 52 gold pieces at shops.

Inventory:

Hand Weapons
 a - a +1 rapier (weapon)
Missiles
 h - 5 tomahawks of returning (quivered)
 w - 8 tomahawks
Armour
 b - a +0 scale mail (worn)
 c - a +0 shield
 q - a +0 cloak (worn)
Jewellery
 i - an uncursed ring of positive energy
 s - a +5 ring of intelligence
 A - an uncursed ring of resist corrosion
 C - a cursed ring of wizardry
 E - a +3 ring of slaying
Wands
 F - a wand of random effects (15)
Scrolls
 g - 7 scrolls of remove curse
 j - 2 scrolls of identify {unknown}
 k - 10 scrolls of teleportation
 m - a scroll of fog
 n - 2 scrolls of enchant weapon
 u - 2 scrolls of magic mapping
 v - a scroll of enchant armour {unknown}
 x - a scroll of random uselessness {unknown}
 y - a scroll of summoning {unknown}
 z - a scroll of immolation {unknown}
Potions
 e - 3 potions of flight
 p - a potion of resistance
 r - 2 potions of mutation
Comestibles
 f - 14 rations


   Skills:
 + Level 6.8 Fighting
 + Level 8.5 Short Blades
 + Level 8.2 Armour
 + Level 7.4 Dodging
 - Level 3.2 Shields


You had 9 spell levels left.
You didn't know any spells.
Your spell library was empty.

Dungeon Overview and Level Annotations

Branches:
Dungeon (8/15)             Temple (1/1) D:6
   Lair: D:8-11

Altars:
Ashenzari
Cheibriados
Dithmenos
Elyvilon
Fedhas
Gozag
Hepliaklqana
Kikubaaqudgha
Makhleb
Nemelex Xobeh
Qazlal
Ru
Sif Muna
Trog
Uskayaw
Wu Jian
Xom
Yredelemnul
Zin
The Shining One

Shops:
D:4 *   D:7 *   D:8 (

Annotations:
D:3 2 transporters, Borgoz's ghost, amateur GrGl


Innate Abilities, Weirdness & Mutations

You are small and have problems with some larger weapons.
You are somewhat resistant to further mutation.
You have a pair of small horns on your head.


Message History

* * * LOW HITPOINT WARNING * * *
You feel sick.
The gnoll hits you with a +2 flail of protection!
* * * LOW HITPOINT WARNING * * *
The gnoll hits you but does no damage.
You hit the gnoll.
You kill the gnoll!
* * * LOW HITPOINT WARNING * * *
You feel sick. The gnoll closely misses you.
You hit the gnoll. You headbutt the gnoll.
The gnoll is heavily wounded.
* * * LOW HITPOINT WARNING * * *
You feel sick.
You barely miss the gnoll. You headbutt the gnoll.
The gnoll is heavily wounded.
* * * LOW HITPOINT WARNING * * *
You feel sick. The gnoll barely misses you.
You puncture the gnoll!
You kill the gnoll!
You die...

###..## #...###
#.....## #..## #
#...[..####.##
####### ##......##.##
......# #.........#
......#####........##
#
..........##.......##
#
........#...........#
#
........####...)@)..#
# .........#
###.[)...# #
.........# #...#### #
........)## ###.# #
......))..# #.# #
..........# #.### #
.........## #...## #
....⌠.⌠.## #....##
######## ##..._..#
#.....##


#PPPPPPP There were no monsters in sight!

Vanquished Creatures
  Prince Ribbit (D:7)
  A spriggan (D:7)
  A sky beast (D:7)
  2 orc warriors
  3 ice beasts
  A necrophage (D:6)
  5 ogres
  A phantom (D:6)
  A centaur (D:5)
  2 bullfrogs
  A gnoll sergeant (D:7)
  A scorpion (D:6)
  A water moccasin skeleton (D:8)
  3 howler monkeys
  5 crimson imps
  A bullfrog zombie (D:5)
  5 orc wizards
  7 orc priests
  A hound (D:4)
  4 iguanas
  Natasha (twice) (D:2)
  6 worker ants
  A hound zombie (D:7)
  2 hound skeletons
  6 gnolls (D:7)
  8 adders
  6 oozes
  An adder skeleton (D:5)
  9 worms
  A dart slug (D:2)
  8 leopard geckos
  21 orcs
  A ball python (Sewer)
  18 bats
  7 giant cockroaches
  12 hobgoblins
  8 jackals
  9 kobolds
  4 quokkas
  3 frilled lizards
  8 goblins
  3 quokka skeletons
  20 rats
211 creatures vanquished.

Notes
Turn   | Place    | Note
-------+----------+-------------------------------------------
     0 | D:1      | Borgoz the Halfling Fighter began the quest for the Orb.
     0 | D:1      | Reached XP level 1. HP: 15/15 MP: 1/1
   106 | D:1      | Reached XP level 2. HP: 17/20 MP: 2/2
   198 | D:1      | Reached skill level 1 in Dodging
   337 | D:1      | Reached XP level 3. HP: 23/25 MP: 3/3
  1167 | D:2      | Reached XP level 4. HP: 29/31 MP: 4/4
  1760 | D:2      | Noticed Natasha
  1771 | D:2      | Killed Natasha
  1771 | D:2      | Reached XP level 5. HP: 5/36 MP: 5/5
  2141 | D:2      | Noticed Natasha
  2156 | D:2      | Killed Natasha
  2486 | D:3      | Found a glowing drain.
  2573 | Sewer    | Entered a sewer
  2593 | Sewer    | Gained mutation: You have a pair of small horns on your
                  | head. [potion of mutation]
  2888 | Sewer    | Reached XP level 6. HP: 42/42 MP: 6/6
  3949 | D:3      | Found a transporter.
  3951 | D:3      | Found a transporter.
  3951 | D:3      | Noticed Borgoz's ghost (amateur GrGl)
  4340 | D:3      | Noticed a moth of wrath
  4343 | D:3      | Found a bloodstained altar of Trog.
  4770 | D:4      | Reached XP level 7. HP: 48/48 MP: 7/7
  5106 | D:4      | Reached skill level 5 in Armour
  5531 | D:4      | Found Pieqaimm's General Store.
  5755 | D:5      | Entered Level 5 of the Dungeon
  5764 | D:5      | Reached skill level 5 in Short Blades
  5914 | D:5      | Reached XP level 8. HP: 49/54 MP: 8/8
  6220 | D:5      | Found an opulent altar of Gozag.
  6451 | D:5      | Found a glowing golden altar of the Shining One.
  6454 | D:5      | Found a hide-covered altar of Uskayaw.
  6543 | D:5      | Reached skill level 5 in Fighting
  6840 | D:6      | Reached skill level 5 in Dodging
  7124 | D:6      | Found a staircase to the Ecumenical Temple.
  7139 | Temple   | Entered the Ecumenical Temple
  7194 | Temple   | Became a worshipper of Ashenzari the Shackled
  7337 | D:6      | Reached XP level 9. HP: 40/59 MP: 9/9
  8421 | D:7      | Noticed Prince Ribbit
  8611 | D:7      | Found Quidal's Assorted Antiques.
  8625 | D:7      | Bought a scroll labeled QIROFOESTR BAFOUC for 26 gold
                  | pieces
  8625 | D:7      | Bought a scroll labeled AGIGYJ NILL for 26 gold pieces
  8831 | D:7      | Reached * piety under Ashenzari
  8832 | D:7      | Found a sparkling altar of Nemelex Xobeh.
  9149 | D:7      | Found an ornate altar of the Wu Jian Council.
  9196 | D:7      | Killed Prince Ribbit
  9636 | D:8      | Reached XP level 10. HP: 50/69 MP: 10/10
 10202 | D:8      | Found Domauv's Weapon Shop.
 10357 | D:7      | HP: 3/69 [poisoned by a gnoll sergeant]
 10359 | D:7      | HP: 1/69 [poisoned by a gnoll sergeant]
 10360 | D:7      | Succumbed to a gnoll sergeant's poison

Levels and vault maps discovered:
D:1:      erik_arrival_orb_chamber, layout_basic, glass_columns_c,
          serial_bayou_crossing
D:2:      layout_loops_corners, kennysheep_minor_cross, uniq_natasha
D:3:      layout_basic, cheibrodos_sewer_entry_bend, gammafunk_ghost_mausoleum,
          chequers_hall_statues_y, tgw_trog
D:4:      layout_gridville, serial_shops, shop, chequers_serial_rivers_small_a
D:5:      layout_gridville, minitemple, first_ration, nicolae_gozag_seed_capital
D:6:      layout_cave_pods, minmay_temple_entry_slanted, minmay_alternating_orb
D:7:      layout_cave_pods, nemelex_xobeh_ov_fountains_minmay, serial_shops,
          nicolae_shop_statue_plus, basic_altar, the_bakery, minmay_hedge_maze,
          uniq_prince_ribbit1
D:8:      layout_cave_pools, vehumet_altar_wand_db, serial_shops,
          kennysheep_mini
Temple:   minmay_crystal_spiral_temple
Sewer:    sewer_fruit_machine

Skill      XL: |  1  2  3  4  5  6  7  8  9 10 |
---------------+-------------------------------+-----
Dodging        | 1 2 3 4 5 7 |  7.4
Fighting       | 3 4 5 6 |  6.8
Short Blades   | 3 4 5 6 8 |  8.5
Armour         | 4 5 6 7 8 |  8.2
Shields        | |  3.2

Action                   |  1- 3 |  4- 6 |  7- 9 | 10-12 || total
-------------------------+-------+-------+-------+-------++-------
Melee: Rapier            |   112 |   327 |   440 |    93 ||   972
       Headbutt          |       |    38 |   101 |    27 ||   166
Throw: Tomahawk          |       |       |     2 |       ||     2
Evoke: Wand              |       |       |     3 |       ||     3
  Use: Potion            |       |     4 |     6 |     3 ||    13
       Scroll            |       |     6 |     2 |     1 ||     9
 Stab: Invisible         |       |       |     2 |       ||     2
  Eat: Chunk             |     1 |    12 |     9 |     3 ||    25
       Ration            |       |       |     2 |       ||     2
Armor: Scale mail        |    58 |   171 |    98 |    36 ||   363
       Skin              |       |       |     8 |       ||     8
Dodge: Dodged            |    87 |   295 |   296 |   118 ||   796

Table legend:
 A = Non-vault XP
 B = Vault XP
 C = Vault XP percentage of total XP
 D = Non-vault monster count
 E = Vault monster count
 F = Vault count percentage of total count
                 A         B        C        D         E       F
            +---------+---------+-------+---------+---------+-------
      Total |    3532 |    1127 |  24.2 |     157 |      54 |  25.6
            +---------+---------+-------+---------+---------+-------
        D:1 |      42 |      12 |  22.2 |      23 |      12 |  34.3
        D:2 |     118 |      35 |  22.9 |      23 |       1 |   4.2
        D:3 |     189 |      27 |  12.5 |      29 |       7 |  19.4
        D:4 |     268 |       0 |   0.0 |      10 |       0 |   0.0
        D:5 |     691 |       0 |   0.0 |      19 |       0 |   0.0
        D:6 |     975 |     469 |  32.5 |      22 |      10 |  31.2
        D:7 |    1039 |     511 |  33.0 |      26 |       2 |   7.1
        D:8 |     210 |       0 |   0.0 |       5 |       0 |   0.0
      Sewer |       0 |      73 | 100.0 |       0 |      22 | 100.0
            +---------+---------+-------+---------+---------+-------
